 Dungeon Crawl Stone Soup version 0.22-a0-305-gd21a89c538 (webtiles) character file.

107 RedPan the Insei (level 4, 0/35 HPs)
             Began as a Demonspawn Monk on Mar 29, 2018.
             Killed from afar by Ijyb (13 damage)
             ... with a wand of acid (9)
             ... on level 3 of the Dungeon.
             The game lasted 00:07:07 (2558 turns).

RedPan the Insei (Demonspawn Monk)                  Turns: 2558, Time: 00:07:08

Health: 0/35       AC:  2    Str: 13    XL:     4   Next: 57%
Magic:  4/4        EV: 10    Int: 11    God:
Gold:   135        SH:  7    Dex: 15    Spells: 3/3 levels left

rFire    . . .     SeeInvis .     - Unarmed
rCold    . . .     Gourm    .   i - +0 shield
rNeg     . . .     Faith    .   f - +0 leather armour
rPois    .         Spirit   .   (no helmet)
rElec    .         Reflect  .   (no cloak)
rCorr    .         Harm     .   (no gloves)
MR       .....                  k - +0 pair of boots
Stlth    ++........             (no amulet)
HPRegen  0.11/turn              (no ring)
MPRegen  0.09/turn              (no ring)

@: corroded
A: slimy green scales 1
a: no special abilities


You were on level 3 of the Dungeon.
You were not hungry.

You visited 1 branch of the dungeon, and saw 3 of its levels.

You collected 135 gold pieces.

Inventory:

Armour
 f - a +0 leather armour (worn)
 i - a +0 shield (worn)
 k - a +0 pair of boots (worn)
 m - a +0 ring mail
Scrolls
 a - a scroll of teleportation
 g - a scroll of remove curse
 n - a scroll of identify
Potions
 h - a potion of invisibility
 l - a potion of curing {unknown}
Comestibles
 b - 5 rations
 c - a chunk of flesh


   Skills:
 - Level 3.2 Fighting
 + Level 3.3 Dodging
 - Level 1.7 Stealth
 + Level 1.2 Shields
 * Level 3.9 Unarmed Combat


You had 3 spell levels left.
You didn't know any spells.

Dungeon Overview and Level Annotations

Branches:
Dungeon (3/15)

Altars:

Annotations:
D:3 Ijyb


Innate Abilities, Weirdness & Mutations

You are partially covered in slimy green scales. (AC +2)


Message History

No target in view!
You start resting.
Eating one of 2 chunks of flesh.
You eat one of the 2 chunks of flesh.
This raw flesh tastes terrible.
HP restored.
Found 6 curare-tipped needles.
Things that are here:
a dagger; a buckler
Found a stone staircase leading down.
Ijyb the Twisted Goblin comes into view.
Ijyb screams, "I dance on your bones!"
Ijyb is nearby!
You aren't carrying any items that you can evoke.
Okay, then.
Okay, then.
Ijyb zaps a wand.
The bolt of acid hits you! The acid corrodes you!
You are splashed with acid!
The acid burns!
It is a wand of acid (9).
You block Ijyb's attack.
You completely miss Ijyb.
Ijyb zaps a wand.
The bolt of acid hits you!
You die...

#...... #......
#......## #.......#
#.......# ..## #..>..#
..# #..g# ..# #..@## ..#
#....# .#.# ####.#
###.#.# ####.# #.. #.#
##....#### #.###.#
#........#
..#...#######........#
...(.#...##.............
.##..#.#.##.########....


You could see Ijyb.

Vanquished Creatures
  3 adders (D:3)
  A worm (D:3)
  4 dart slugs
  2 leopard geckos (D:1)
  An orc (D:3)
  5 bats
  3 giant cockroaches
  6 hobgoblins
  6 jackals
  3 quokkas
  4 frilled lizards
  6 goblins
  11 kobolds
  7 rats
62 creatures vanquished.

Notes
Turn   | Place    | Note
-------+----------+-------------------------------------------
     0 | D:1      | RedPan the Demonspawn Monk began the quest for the Orb.
     0 | D:1      | Reached XP level 1. HP: 18/18 MP: 1/1
   352 | D:1      | Gained mutation: You are partially covered in slimy green scales. (AC +2) [demonic ancestry]
   352 | D:1      | Reached XP level 2. HP: 24/24 MP: 2/2
  1158 | D:2      | Reached XP level 3. HP: 25/29 MP: 3/3
  1968 | D:3      | Reached XP level 4. HP: 20/35 MP: 4/4
  1978 | D:3      | Reached skill level 1 in Shields
  2551 | D:3      | Noticed Ijyb
  2558 | D:3      | Killed from afar by Ijyb

Vault maps used:
D:1:      lightli_arrival_boilingwater
D:2:      first_ration
D:3:      uniq_ijyb

Skill      XL: |  1  2  3  4 |
---------------+-------------+-----
Unarmed Combat | 3 |  3.9
Dodging        | 3 |  3.3
Shields        | 1 |  1.2
Fighting       | |  3.2
Stealth        | |  1.7

Action                   |  1- 3 |  4- 6 || total
-------------------------+-------+-------++-------
Melee: Unarmed           |   219 |    55 ||   274
  Use: Scroll            |     6 |       ||     6
       Potion            |     1 |       ||     1
 Stab: Sleeping          |     4 |       ||     4
  Eat: Chunk             |     3 |     3 ||     6
Armor: Robe              |     6 |       ||     6
       Leather armour    |    47 |    12 ||    59
Dodge: Dodged            |   124 |    17 ||   141
Block: Shield            |    40 |    18 ||    58

Table legend:
 A = Spawn XP
 B = Non-spawn XP
 C = Spawn XP percentage of total XP
 D = Spawn monster count
 E = Non-spawn monster count
 F = Spawn count percentage of total count
 G = Total turns spent on level
                    A         B        C        D         E        F      G
               +---------+---------+-------+---------+---------+-------+---------
         Total |       0 |     154 |   0.0 |       0 |      62 |   0.0 |  2558
               +---------+---------+-------+---------+---------+-------+---------
           D:1 |       0 |      38 |   0.0 |       0 |      21 |   0.0 |  1194
           D:2 |       0 |      52 |   0.0 |       0 |      29 |   0.0 |   690
           D:3 |       0 |      64 |   0.0 |       0 |      12 |   0.0 |   674
               +---------+---------+-------+---------+---------+-------+---------
